 Dungeon Crawl Stone Soup version 0.25-b1-46-gb8a1ec05df (webtiles) character file.

Game seed: 804730003131454577

67 DRShiny the Skirmisher (level 3, -1/34 HPs)
             Began as a Minotaur Berserker on June 11, 2020.
             Was a Follower of Trog.
             Killed from afar by Sigmund (5 damage)
             ... with a magic dart
             ... on level 2 of the Dungeon.
             The game lasted 00:15:16 (2108 turns).

DRShiny the Skirmisher (Minotaur Berserker)         Turns: 2108, Time: 00:15:16

Health: -1/34      AC:  6    Str: 22    XL:     3   Next: 98%
Magic:  2/2        EV: 12    Int:  4    God:    Trog [*.....]
Gold:   65         SH:  0    Dex:  9    Spells: 2/2 levels left

rFire    . . .     SeeInvis .   a - +0 hand axe
rCold    . . .     Gourm    .   (no shield)
rNeg     . . .     Faith    .   j - +0 ring mail
rPois    .         Spirit   .   (helmet restricted)
rElec    .         Reflect  .   (no cloak)
rCorr    .         Harm     .   (no gloves)
MR       .....                  d - +0 pair of boots
Stlth    ..........             m - amulet of magic regeneration
HPRegen  0.11/turn              (no ring)
MPRegen  0.33/turn              (no ring)

@: no status effects
A: retaliatory headbutt, horns 2
a: Berserk, Renounce Religion


You were on level 2 of the Dungeon.
You worshipped Trog.
Trog was aware of your devotion.
You were not hungry.

You visited 1 branch of the dungeon, and saw 2 of its levels.

You collected 65 gold pieces.

Inventory:

Hand Weapons
 a - a +0 hand axe (weapon)
Missiles
 f - 3 atropa-tipped darts
 i - 40 stones (quivered)
 l - 14 sling bullets
Armour
 b - a +0 animal skin
 d - a +0 pair of boots (worn)
 j - a +0 ring mail (worn)
Jewellery
 m - an amulet of magic regeneration (around neck)
Scrolls
 e - a scroll of fog {unknown}
 h - a scroll of teleportation {unknown}
 n - a scroll of enchant armour {unknown}
Potions
 g - a potion of mutation {unknown}
 k - 2 potions of lignification
 p - a potion of resistance {unknown}
Comestibles
 c - 3 rations


   Skills:
 + Level 4.3 Fighting
 + Level 4.3 Axes
 + Level 3.3 Armour
 - Level 3.0 Dodging


You had 2 spell levels left.
You didn't know any spells.
Your spell library was empty.

Dungeon Overview and Level Annotations

Branches:
Dungeon (2/15)

Altars:
Xom

Annotations:
D:2 1 runed translucent door, Crazy Yiuf, Sigmund


Innate Abilities, Weirdness & Mutations

You reflexively headbutt those who attack you in melee.
You have a pair of horns on your head.


Message History

Sigmund barely misses you.
You hit Sigmund but do no damage.
Sigmund is lightly wounded.
Sigmund hits you with a +0 scythe!
* * * LOW HITPOINT WARNING * * *
You closely miss Sigmund. Your headbutt misses Sigmund.
Sigmund is lightly wounded.
You barely miss Sigmund. You headbutt Sigmund!
Sigmund is severely wounded.
Sigmund misses you.
You slash Sigmund!
Sigmund is almost dead.
Sigmund mumbles some strange words.
Sigmund flickers and vanishes!
Deactivating autopickup; reactivate with Ctrl-A.
Something hits you.
* * * LOW HITPOINT WARNING * * *
A magic dart appears from out of thin air!
The magic dart hits you.
You die...

#.........# #....
#.........# #####
#.........######## #
#.........##.....# #########
#.........##.....# #.......#
#.....#.####.....###.......#
#.>........................#
#.....#.###.######.........#
#.....#....@# #.........#
###########.# #......#.##
#.# #........# #{#
####....## #.# #....# #g#
♣....♣ #.# ♣...♣♣ #.###
♣♣.♣♣ #...## ♣.♣♣


You could see a hobgoblin.

Vanquished Creatures
  3 adders (D:2)
  3 worms (D:2)
  A dart slug (D:2)
  A leopard gecko (D:2)
  4 bats
  A giant cockroach (D:1)
  3 goblins (D:2)
  4 hobgoblins
  4 kobolds
  A ball python (D:2)
  2 frilled lizards
  2 rats (D:1)
29 creatures vanquished.

Notes
Turn   | Place    | Note
-------+----------+-------------------------------------------
     0 | D:1      | DRShiny the Minotaur Berserker began the quest for the Orb.
     0 | D:1      | Reached XP level 1. HP: 19/19 MP: 0/0
   425 | D:1      | Reached XP level 2. HP: 27/27 MP: 1/1
   926 | D:2      | Found a shimmering altar of Xom.
   926 | D:2      | Noticed Sigmund
  1496 | D:2      | Reached XP level 3. HP: 33/33 MP: 2/2
  2047 | D:2      | Found a runed translucent door.
  2048 | D:2      | Noticed Crazy Yiuf
  2108 | D:2      | Killed from afar by Sigmund

Illustrated notes

Levels and vault maps discovered:
D:1:      nicolae_arrival_washed_ashore, layout_loops_ring, nrook_loot_triangle
D:2:      layout_basic, xom_butterflies, uniq_crazy_yiuf_cottage, uniq_sigmund

Skill      XL: |  1  2  3 |
---------------+----------+-----
Fighting       | 4 |  4.3
Axes           | 4 |  4.3
Armour         | 3 |  3.3
Dodging        | 3 |  3.0

Action                   || total
-------------------------++-------
Melee: Hand axe          ||    66
       Headbutt          ||    11
  Use: Scroll            ||     3
  Eat: Chunk             ||     4
Armor: Ring mail         ||    12
       Animal skin       ||     1
Dodge: Dodged            ||    43
